Cogmind - Beta 15 @@@ ROGUE MODE // 2025.08.17 @ 14:06:24 Player: beans Result: Destroyed by G-47 Trooper with Particle Gun Performance ------------- Evolutions (2) 1000 Regions Visited (5) 1000 Robots Destroyed (30) 150 Value Destroyed (854) 854 Prototype IDs (24) 480 Alien Tech Used (0) 0 Bonus (300) 300 TOTAL SCORE: 3784 Bonus ------- Aligned with FarCom 300 Cogmind --------- Core Integrity 0/550 Matter 183/300 Energy 35/100 System Corruption 0% Temperature Cool (9) Movement Core (300) Ox5 Location -8/Materials Parts ------- > --- POWER (2) -------- (None) > --- PROPULSION (3) --- (None) > --- UTILITY (4) ------ (None) > --- WEAPON (2) ------- YOLO Cannon > --- INVENTORY (5) ---- Firepult Peak State ------------ > --- POWER ------------ (None) > --- PROPULSION ------- Aluminum Leg Aluminum Leg > --- UTILITY ---------- Experimental Sensor Array Advanced Targeting Computer Reactive Plating > --- WEAPON ----------- YOLO Cannon > --- INVENTORY -------- Firepult Rocket Launcher [Rating: 39] Favorites ----------- Power Deuterium Engine Engine Deuterium Engine Power Core Light Nuclear Core Propulsion Aluminum Leg Leg Aluminum Leg Utility Advanced Targeting Computer Device Improved Heat Sink Processor Advanced Targeting Computer Protection Reactive Plating Weapon YOLO Cannon Energy Cannon YOLO Cannon Ballistic Gun Minigun Launcher Rocket Launcher Build | -11 -10 -10 -10 -9 -8 ------- Run | Yrd Mat Min Exi Min Mat Slots Evolved 4 | . . . . . 4 Power 1 | . . . . . 1 Propulsion 1 | . . . . . 1 Utility 2 | . . . . . 2 Weapon . | . . . . . . Parts Attached 19 | 3 . 5 1 2 8 Power 5 | 1 . 1 . . 3 Engine 2 | 1 . 1 . . . Core 3 | . . . . . 3 Reactor . | . . . . . . Propulsion 3 | 2 . 1 . . . Treads . | . . . . . . Leg 3 | 2 . 1 . . . Wheel . | . . . . . . Hover . | . . . . . . Flight . | . . . . . . Utility 5 | . . 2 . 1 2 Device 2 | . . . . . 2 Storage . | . . . . . . Processor 2 | . . 2 . . . Hackware . | . . . . . . Protection 1 | . . . . 1 . Artifact . | . . . . . . Weapon 6 | . . 1 1 1 3 Energy Gun . | . . . . . . Energy Cannon 2 | . . . 1 1 . Ballistic Gun 1 | . . 1 . . . Ballistic Cannon . | . . . . . . Launcher 3 | . . . . . 3 Special Weapon . | . . . . . . Impact Weapon . | . . . . . . Slashing Weapon . | . . . . . . Piercing Weapon . | . . . . . . Special Melee Weapon . | . . . . . . Unidentified Prototypes 1 | . . . . . 1 Parts Lost 11 | . . 1 . 1 9 Power 4 | . . . . 1 3 Propulsion 3 | . . 1 . . 2 Utility 3 | . . . . . 3 Weapon 1 | . . . . . 1 Highest Loss Streak 3 | . . 1 . 1 3 To Critical Strikes . | . . . . . . Average Backups 2 | . . 3 4 3 2 Power . | . . . . . . Propulsion . | . . . . . . Utility 1 | . . 1 2 1 . Weapon 1 | . . . 1 2 2 Tool/Special . | . . . . . . Unused Backups 4 | 2 . . 2 . . Power . | . . . . . . Propulsion 2 | 2 . . . . . Utility 1 | . . . 1 . . Weapon . | . . . . . . Tool/Special 1 | . . . 1 . . Average Slot Usage (%) 66 | . 42 81 84 78 35 Engine 8 | . 14 14 14 7 . Leg 23 | . 28 27 28 28 9 Device 1 | . . . . . 5 Processor 16 | . . 25 28 14 7 Protection 5 | . . . . 13 4 Energy Cannon 6 | . . . 7 14 5 Ballistic Gun 4 | . . 12 5 . . Peak Build Rating 39 | 3 3 15 34 34 39 Average Rating 21 | 2 3 13 25 32 22 On Entrance 14 | . 3 3 15 34 31 Naked Turns 3 | . . . . . 3 Heaviest Build 41 | 5 5 12 27 41 28 Greatest Support 20 | 20 20 20 20 20 20 Greatest Overweight (x) 6 | . . 1 1 2 6 Average Overweight (x) . | . . . . 1 . Largest Inventory Capacity 5 | 5 5 5 5 5 5 Average Capacity 5 | 5 5 5 5 5 5 Most Carried 5 | 2 . 5 5 5 5 Average Carried 3 | . . 3 4 4 3 Final Capacity 5 | 5 5 5 5 5 5 Final Carried 5 | . . 5 5 4 2 Class Distribution -------------------- 100% | Mutant Dominant Class ---------------- Mutant | -10/Materials Mutant | -10/Mines Mutant | -10/Exiles Mutant | -9/Mines Mutant | -8/Materials Resources | -11 -10 -10 -10 -9 -8 ----------- Run | Yrd Mat Min Exi Min Mat Matter Collected 724 | 215 15 157 . 106 231 Remotely . | . . . . . . Salvage Created 883 | . . 119 . 223 541 Parts 50 | . . 4 . 12 34 Haulers Intercepted . | . . . . . . Recyclers Shooed 1 | . . . . . 1 Parts Field Recycled . | . . . . . . Retrieved Matter . | . . . . . . Parts Self-Destructed . | . . . . . . Prevented . | . . . . . . Kills | -11 -10 -10 -10 -9 -8 ------- Run | Yrd Mat Min Exi Min Mat Combat Hostiles Destroyed 19 | . . 4 . 5 10 Guns 4 | . . 4 . . . Cannons 3 | . . . . 2 1 AOE 9 | . . . . 2 7 Classes Destroyed 10 | . . 2 . 3 5 Worker 2 | . . . . . 2 Builder 6 | . . . . 1 5 Tunneler 1 | . . . . 1 . Recycler 1 | . . . . . 1 Watcher 1 | . . . . . 1 Swarmer 2 | . . 2 . . . Grunt 12 | . . 2 . 4 6 Brawler 1 | . . . . 1 . Sentry 3 | . . . . . 3 Heavy 1 | . . . . . 1 Best Kill Streak 5 | . . 2 . 3 5 Combat Bots Only 3 | . . 2 . 2 3 Max Kills in Single Turn 2 | . . 1 . 2 2 Gunslinging . | . . . . . . Exploded 1 | . . . . 1 1 Melee . | . . . . . . Uniques/NPCs Destroyed . | . . . . . . Combat | -11 -10 -10 -10 -9 -8 -------- Run | Yrd Mat Min Exi Min Mat Hostile Shots Fired 128 | . 16 24 . 14 74 Missed 37 | . 7 2 . 3 25 Hits 91 | . 9 22 . 11 49 Projectile 91 | . 9 22 . 11 49 Critical Strikes 5 | . . . . . 5 Damage Taken 1891 | . 96 313 . 194 1288 Core 743 | . 43 56 . 90 554 Absorbed by Shields . | . . . . . . Ignored by Resistances 31 | . . . . . 31 Core Remaining (%) 62 | 100 . . . 24 . Volleys Fired 73 | . . 29 . 12 32 Largest 1 | . . 1 . 1 1 Hottest 250 | . . 25 . 250 250 Shots Fired 73 | . . 29 . 12 32 Gun 29 | . . 29 . . . Cannon 24 | . . . . 12 12 Launcher 20 | . . . . . 20 Special . | . . . . . . Kinetic 29 | . . 29 . . . Thermal 24 | . . . . 12 12 Explosive 20 | . . . . . 20 Electromagnetic . | . . . . . . Robot Hit Streak 14 | . . 14 . 3 5 Robot Miss Streak 3 | . . 3 . 2 2 Penetration Max . | . . . . . . Secondary Targets . | . . . . . . Shots Hit Robots 40 | . . 21 . 3 16 Core Hits 42 | . . 5 . 5 32 Critical Kills 3 | . . . . 1 2 Critical Parts Destroyed . | . . . . . . Critical Strikes 3 | . . . . 1 2 Meltdown 3 | . . . . 1 2 Melee Attacks . | . . . . . . Impact . | . . . . . . Slashing . | . . . . . . Piercing . | . . . . . . Sneak Attacks . | . . . . . . Combat Hostiles . | . . . . . . Follow-up Attacks . | . . . . . . Damage Inflicted 2881 | . . 349 . 564 1968 Guns 349 | . . 349 . . . Cannons 793 | . . . . 330 463 Explosions 1739 | . . . . 234 1505 Melee . | . . . . . . Ramming . | . . . . . . Kinetic 349 | . . 349 . . . Thermal 1668 | . . . . 564 1104 Explosive 850 | . . . . . 850 Electromagnetic . | . . . . . . Impact 14 | . . . . . 14 Slashing . | . . . . . . Piercing . | . . . . . . Highest Corruption . | . . . . . . Average Corruption . | . . . . . . Corruption Purged . | . . . . . . Corruption Blocked . | . . . . . . Overload Shots . | . . . . . . Overflow Damage 52 | . . . . 27 25 Projectiles . | . . . . . . Explosions 52 | . . . . 27 25 Melee . | . . . . . . Knockbacks . | . . . . . . Impact . | . . . . . . Kinetic . | . . . . . . Secondary . | . . . . . . Self-Inflicted Damage 91 | . . . . . 91 Shots 2 | . . . . . 2 Rammed 1 | . . . . . 1 Targets Rammed 1 | . . . . . 1 Kicked . | . . . . . . Crushed . | . . . . . . Highest Temperature 636 | . . 35 . 636 375 Average Temperature 124 | . . 12 . 152 141 Received Heat Transfer 591 | . 54 135 . 69 333 Effects 9 | . . . . 9 . Shutdowns 2 | . . . . 2 . Energy Bleed 1 | . . . . 1 . Interference 1 | . . . . 1 . Matter Decay 1 | . . . . 1 . Short Circuit 1 | . . . . 1 . Damage (minor) 1 | . . . . 1 . Damage (core) 2 | . . . . 2 . Siege Activations . | . . . . . . Martial Activations . | . . . . . . Shielding Activations . | . . . . . . Robots Disrupted . | . . . . . . Combat Hostiles . | . . . . . . Robots Corrupted . | . . . . . . Combat Hostiles . | . . . . . . Parts Fried . | . . . . . . Impact Corruptions . | . . . . . . Robots Melted 3 | . . . . 1 2 Combat Hostiles 3 | . . . . 1 2 Parts Melted 4 | . . . . 2 2 Heat Transferred 2640 | . . . . 800 1840 Parts Sabotaged . | . . . . . . Parts Stolen . | . . . . . . Parts Stripped . | . . . . . . Power Chain Reactions . | . . . . . . Alert | -11 -10 -10 -10 -9 -8 ------- Run | Yrd Mat Min Exi Min Mat Maximum Alert Level 1 | . . . . . 1 Low Security (%) 95 | 100 100 100 . 100 83 Level 1 4 | . . . . . 16 Level 2 . | . . . . . . Level 3 . | . . . . . . Level 4 . | . . . . . . Level 5 . | . . . . . . High Security . | . . . . . . Max Security . | . . . . . . Peak Influence 233 | . 15 50 . 74 233 Initial 1 | . . 1 . . . Average 33 | . . 7 . 21 80 Influence Increases 890 | . 15 100 . 216 559 Destroy 0b10 Robot/C 380 | . . 80 . 100 200 Destroy 0b10 Robot/NC 55 | . . . . 10 45 Destroy Leader 102 | . . 20 . 20 62 Allied During Kill 6 | . . . . . 6 Disable Machine 30 | . . . . 15 15 Destroy Structure 272 | . . . . 71 201 Lose Combat Pursuer 45 | . 15 . . . 30 Influence Decreases 675 | . 10 105 . 216 344 Entered New Map 4 | . . 4 . . . Time Decay 558 | . 10 91 . 206 251 Lost Part 90 | . . 10 . 10 70 Lost Ally 23 | . . . . . 23 Squads Dispatched 4 | . 1 . . . 3 Investigation . | . . . . . . Extermination . | . . . . . . Reinforcement 4 | . 1 . . . 3 Assault . | . . . . . . Garrison . | . . . . . . Intercept . | . . . . . . Searches Triggered . | . . . . . . Construction Impeded 2 | . . . . . 2 Haulers Reinforced . | . . . . . . Active Scanning Responses . | . . . . . . Cargo Convoy Interrupts . | . . . . . . Stealth | -11 -10 -10 -10 -9 -8 --------- Run | Yrd Mat Min Exi Min Mat Distress Signals 3 | . . . . . 3 Communications Jammed . | . . . . . . Distress Signals . | . . . . . . Times Spotted 29 | . 5 4 . 2 18 Peak Tracking Total 7 | . 4 2 . 3 7 Tactical Retreats 3 | . 1 . . . 2 Traps | -11 -10 -10 -10 -9 -8 ------- Run | Yrd Mat Min Exi Min Mat Traps Triggered 2 | . . 1 . . 1 Indirectly . | . . . . . . Trap Hack Attempts . | . . . . . . Triggered . | . . . . . . Disarmed . | . . . . . . Reprogrammed . | . . . . . . Reused . | . . . . . . Traps Extracted . | . . . . . . Installed . | . . . . . . Triggered . | . . . . . . Machines | -11 -10 -10 -10 -9 -8 ---------- Run | Yrd Mat Min Exi Min Mat Machines Disabled 2 | . . . . 1 1 Max in Single Turn 1 | . . . . 1 1 Machines Repaired . | . . . . . . Machines Dismantled . | . . . . . . Machines Sabotaged . | . . . . . . Overloaded Fab Kills . | . . . . . . Hacking | -11 -10 -10 -10 -9 -8 --------- Run | Yrd Mat Min Exi Min Mat Machines Accessed 3 | . . 1 1 1 . Terminals 1 | . . . . 1 . Fabricators . | . . . . . . Repair Stations . | . . . . . . Recycling Units . | . . . . . . Scanalyzers . | . . . . . . Garrison Access . | . . . . . . Total Hacks 4 | . . 1 1 2 . Successful 3 | . . 1 1 1 . Failed 1 | . . . . 1 . Catastrophic . | . . . . . . Database Lockouts . | . . . . . . Manual 2 | . . . 2 . . Terminals 2 | . . . . 2 . Fabricators . | . . . . . . Repair Stations . | . . . . . . Recycling Units . | . . . . . . Scanalyzers . | . . . . . . Garrison Access . | . . . . . . Terminal Hacks 3 | . . 1 1 1 . Open Door 1 | . . 1 . . . Zone Layout 1 | . . . . 1 . Proto ID Catalog 1 | . . . 1 . . Fabricator Hacks . | . . . . . . Repair Station Hacks . | . . . . . . Recycling Unit Hacks . | . . . . . . Scanalyzer . | . . . . . . Garrison Access Hacks . | . . . . . . Unauthorized Hacks . | . . . . . . Terminals . | . . . . . . Fabricators . | . . . . . . Repair Stations . | . . . . . . Recycling Units . | . . . . . . Scanalyzers . | . . . . . . Garrison Access . | . . . . . . Data Cores Recovered . | . . . . . . Used . | . . . . . . Hacking Detections . | . . . . . . Full Trace Events . | . . . . . . Feedback Events . | . . . . . . Feedback Blocked . | . . . . . . Robot Schematics Acquired . | . . . . . . Robots Built . | . . . . . . Authchips . | . . . . . . Time . | . . . . . . Total Robot Build Rating . | . . . . . . Part Schematics Acquired . | . . . . . . Parts Built . | . . . . . . Authchips . | . . . . . . Time . | . . . . . . Total Part Build Rating . | . . . . . . Parts Repaired . | . . . . . . Time . | . . . . . . Parts Recycled . | . . . . . . Recycled Matter . | . . . . . . Retrieved Matter . | . . . . . . Retrieved Components . | . . . . . . Parts Scanalyzed . | . . . . . . Part Schematics Acquired . | . . . . . . Parts Damaged . | . . . . . . Bothacking | -11 -10 -10 -10 -9 -8 ------------ Run | Yrd Mat Min Exi Min Mat Used RIF Installer . | . . . . . . Robots Hacked . | . . . . . . Non-combat . | . . . . . . Combat . | . . . . . . Robot Hacks Applied . | . . . . . . Relay Couplers Released . | . . . . . . Fabnet Peak Effective % . | . . . . . . Robots Rewired . | . . . . . . Allies Hacked . | . . . . . . Hacks Repelled . | . . . . . . Allies | -11 -10 -10 -10 -9 -8 -------- Run | Yrd Mat Min Exi Min Mat Total Allies 3 | . . . . 3 . Largest Group 3 | . . . . 3 3 Highest-Rated Group 40 | . . . . 40 40 Highest-Rated Ally 16 | . . . . 16 16 Total Orders . | . . . . . . Ally Attacks 21 | . . . . . 21 Total Damage 170 | . . . . . 170 Kills . | . . . . . . Allies Corrupted . | . . . . . . Allies Melted . | . . . . . . Intel | -11 -10 -10 -10 -9 -8 ------- Run | Yrd Mat Min Exi Min Mat Active Infowar (turns) . | . . . . . . Robot Analysis Total . | . . . . . . Derelict Logs Recovered 5 | . . 3 . 2 . Drone Launches . | . . . . . . Drone Recoveries . | . . . . . . Exploration | -11 -10 -10 -10 -9 -8 ------------- Run | Yrd Mat Min Exi Min Mat Turns Passed 2527 | 56 124 642 320 732 653 Spaces Moved 1479 | 46 104 470 209 282 368 Core 207 | 15 . . . . 192 Treads . | . . . . . . Legs 1272 | 31 104 470 209 282 176 Wheels . | . . . . . . Hover . | . . . . . . Flight . | . . . . . . Fastest Speed 50 | 50 120 120 120 190 50 Average Speed 144 | 97 120 120 151 213 129 Slowest Speed 350 | 120 120 190 190 260 350 Overloaded Moves . | . . . . . . Propulsion Burnouts . | . . . . . . Robots Hopped . | . . . . . . Potential Cave-ins . | . . . . . . Cave-ins Triggered . | . . . . . . Exploration Rate (%) 43 | 3 28 79 61 67 20 Regions Visited 5 Branch Regions 3 Pre-discovered Areas 1 | . . 1 . . . Known Exits Taken 1 | . . . . 1 . Unknown Exits Taken 4 | 1 1 1 1 . . Scrap Searched 3 | . . 2 . 1 . Spaces Dug 61 | . . . . . 61 Terrain Destroyed 379 | . . . . 136 243 Melee . | . . . . . . Projectile 10 | . . . . 4 6 AOE 369 | . . . . 132 237 Terrain Rammed . | . . . . . . Walls Destroyed . | . . . . . . Machines Disabled . | . . . . . . Actions | -11 -10 -10 -10 -9 -8 --------- Run | Yrd Mat Min Exi Min Mat Total 1783 | 58 103 521 213 393 495 Wait 168 | 3 . 7 . 92 66 Move 1474 | 45 103 469 208 281 368 Hop . | . . . . . . Pick Up 20 | 5 . 10 1 2 2 Fast Attach 5 | . . . 1 . 4 Attach 22 | 3 . 4 . 3 12 Detach 8 | . . . . . 8 Swap 1 | . . 1 . . . Drop 11 | 2 . 1 3 3 2 Fire 73 | . . 29 . 12 32 Melee . | . . . . . . Ram 1 | . . . . . 1 Kick . | . . . . . . Crush . | . . . . . . Escape Stasis . | . . . . . . Rewire . | . . . . . . Trap . | . . . . . . Miscellaneous . | . . . . . . Route ------- -11/Scrapyard -10/Materials -10/Mines (discovered 3 exits: [*Mat] / *Exi / [*Sub]) -10/Exiles -9/Mines (discovered 2 exits: *Mat x2) -8/Materials History --------- Turn | Location | Event 4 | -11/Scrapyard | Discovered new exit (range 16) 57 | -11/Scrapyard | Entered Materials 168 | -10/Materials | Discovered new exit (range 12) 181 | -10/Materials | Entered Mines 188 | -10/Mines | Received a Rocket Launcher from a helpful Derelict 210 | -10/Mines | Met a Derelict who couldn't figure out how to use a Trap Extractor 310 | -10/Mines | Build established: Mutant 311 | -10/Mines | Learned Materials terminal intel 347 | -10/Mines | Discovered new exit (range 5) 511 | -10/Mines | Learned location of Zion (-6) 660 | -10/Mines | Discovered new exit (range 6) 767 | -10/Mines | Found a damaged Exp. Sensor Array with a note attached 769 | -10/Mines | Found Prototype Device 818 | -10/Mines | Deemed a non-threat by the Exiles lab entrance 818 | -10/Mines | Discovered new exit (range 5) 823 | -10/Mines | Entered Exiles 852 | -10/Exiles | Met 8R-AWN 874 | -10/Exiles | Met EX-HEX 906 | -10/Exiles | Met EX-BIN 923 | -10/Exiles | Aligned with FarCom system 924 | -10/Exiles | Given EX-Vault access code 954 | -10/Exiles | Opened EX-Vault 961 | -10/Exiles | Found YOLO Cannon 965 | -10/Exiles | Found Firepult 1004 | -10/Exiles | Warned to stay clear of 0b10 Research branches 1055 | -10/Exiles | Met EX-DEC 1126 | -10/Exiles | Discovered new exit (range 10) 1143 | -10/Exiles | Stole two prototypes: YOLO Cannon, Firepult 1143 | -10/Exiles | Entered Mines 1166 | -9/Mines | Core integrity fell below 50% 1212 | -9/Mines | Learned Materials stockpile data 1254 | -9/Mines | Identified exit to Materials 1634 | -9/Mines | Assisted by bots powering up and referring to "LRC-V3" 1860 | -9/Mines | Discovered exit to Materials (range 8) 1875 | -9/Mines | Entered Materials 1875 | -8/Materials | Accompanied by 3 allies 1875 | -8/Materials | Evolved 4 slots: Power x1, Propulsion x1, Utility x2 1877 | -8/Materials | Loaded intel: 12 terminal locations 1981 | -8/Materials | Identified Exp. Sensor Array 2249 | -8/Materials | Lost 3 parts (2n1u) 2323 | -8/Materials | Core integrity fell below 50% 2465 | -8/Materials | Lost 3 parts (1p1u1w) 2511 | -8/Materials | Core integrity fell below 20% 2528 | -8/Materials | Destroyed by G-47 Trooper with Particle Gun Last Messages --------------- K-01 Serf collects debris. U-05 Engineer builds a Wall. K-01 Serf collects debris. U-05 Engineer lays Concrete. U-05 Engineer builds a Wall. K-01 Serf collects debris. U-05 Engineer lays Concrete. U-05 Engineer builds a Wall. W-25 Informer sends out distress signal. K-01 Serf collects debris. U-05 Engineer lays Concrete. K-01 Serf collects debris. U-05 Engineer builds a Wall. The unstable cave ceiling collapses. U-05 Engineer destroyed. K-01 Serf collects debris. W-25 Informer sends out distress signal. K-01 Serf collects debris. Imp. Heat Sink destroyed. K-01 Serf collects debris. Map ----- +----------------------------------------------------+ | ??????????????????????????????????# # #""" # | | ??????????????????????????????????## # #"Y # | | ???????????????????????????????????### #""" ! # | | ???????????????????????????????????### # # | | ???????????????????????????????????# # ########## | | ??????????????????????????????????## " "########? | | ??????????????????????????????????# #? | | ??????????????????????#####????#### # #? | | ??????????????????????#"#"###### ##### # #? | | ??????????????????????# % ### # # +? | | ??????????????????????# # #? | | ??????????????????????# = *= # " #? | | ??????????????????????# =% =% [ #? | | ??????????????????????# # # #### | | ??????????????????????## % # ### # | | ?????????????###########% ## # ## # """ # | | ?????????# ??# = # ## """ # #?## """ # | | ?????????# # % # ## """ + #??? """ # | | ?????????# /g ! #g %;# """ # ##??? # | | ?????????# # g g; g%;# # ##???? ? | | ?????????# ??# w ; ;; # % #######+### | | ?????????????# %* ;######## | | ?????????????# = ; #?# | | ?????????????# ; #?# | | ?????????????######;;; #?####+######+### | | ??????????????????### g@k #??????????? ? | | ????????????????????# # ####??????????? "" | | ????????????????????# # #????????????? G" | | ????????????????????### #????????????! "" | | ????????????????????? ## #??????????# | | ????????????????????? +?????????# | | ???????????????????? # ####?????????#+####+ | | ???????????????????;; ??????????????????? | | ??????????????????# ;; #??????????????????? | | ??????????????????## ; #??????????????????? | | ???????????????????### // ???????????????????? | | ????????????????????? // !???????????????????? | | ?????????????????????# #??????????????????? | | ?????????????????????# #??????????????????? | | ?????????????????????# """" ???????????????????? | | ??????????????????????? ????????????????????????? | | ?????????????????????????????????????????????????? | | ?????????????????????????????????????????????????? | | ?????????????????????????????????????????????????? | | ?????????????????????????????????????????????????? | | ?????????????????????????????????????????????????? | | ?????????????????????????????????????????????????? | | ?????????????????????????????????????????????????? | | ?????????????????????????????????????????????????? | | ?????????????????????????????????????????????????? | +----------------------------------------------------+ Best States ------------- Heat Dissipation 45 Energy Generation 14 Energy Capacity 275 Matter Stores 300 Matter Capacity 300 Sight Range 16 Terrain Scan Density 10 Armor Coverage 150 Resistance: KI 20 Evasion (%) 55 Targeting Accuracy 8 Target Analysis 5 Item Schematics ----------------- None Robot Schematics ------------------ None Fabricated ------------ Nothing Repaired ---------- Nothing Alien Tech Used ----------------- None Achievements -------------- None Challenges ------------ None Game ------ Seed JammingRecoilDetector Manual? 0 Play Time 00:20:46 Cumulative 93.4 hours Start 2025.08.17 @ 12:46:20 End 2025.08.17 @ 14:06:24 Sessions 1 Manual Loads 0 Difficulty Rogue Special Mode None Game No. 362 Rogue 362 Adventurer 0 Explorer 0 Win Type - Total 0 Types 0/0/0/0/0/0/0/0/0/0 Lore% 42 Gallery% 39 Achievement% 30 Wizard Run 0 Options --------- Layout 2 ASCII 0 Keyboard 0 Movement Mouse Keybinds 0 Fullscreen 2 Font 24/Smallcaps Map View 50x44 Zoom Use 0% Tactical HUD 0 Map Filters NONE Filters NONE Steam 1 RUN: 07e1cab4-fa9e-466d-aa4c-ace0253d554e